 Dungeon Crawl Stone Soup version 0.30-a0-1163-gf69bf04e7a (webtiles) character file.

Game seed: 10113724904233699656

9 Esekla the Sneak (level 2, -2/21 HPs)
             Began as an Octopode Delver on Apr 28, 2023.
             Engulfed by a cloud of flame (23 damage)
             ... on level 5 of the Dungeon.
             The game lasted 00:01:34 (126 turns).

Esekla the Sneak (Octopode Delver)                   Turns: 126, Time: 00:01:34

Health: -2/21      AC:  1    Str: 11    XL:     2   Next: 12%
Magic:  2/2        EV: 13    Int: 12    God:
Gold:   42         SH:  0    Dex: 13    Spells: 1/1 levels left

rFire   . . .        a - +0 falchion
rCold   . . .        (no shield)
rNeg    . . .        (helmet restricted)
rPois   .            (no amulet)
rElec   .            (no ring)
rCorr   .            (no ring)
SInv    .            (no ring)
Will    .....        (no ring)
Stlth   ++++         (no ring)
HPRegen 0.23/turn    (no ring)
MPRegen 0.08/turn    (no ring)
                     (no ring)

%: no passive effects
@: no status effects
A: almost no armour, amphibious, 8 rings, camouflage 1, gelatinous body 1,
(nimble swimmer 1), tentacles
a: no special abilities


You were on level 5 of the Dungeon.
You visited 1 branch of the dungeon, and saw 1 of its levels.

You collected 42 gold pieces.

Inventory:

Hand Weapons
 a - a +0 falchion (weapon)
Wands
 f - a wand of digging (3)
Scrolls
 b - a scroll of fog
 c - a scroll of silence {unknown}
 d - a scroll of fear
 g - a scroll of summoning {unknown}
 i - a scroll of amnesia {unknown}
Potions
 e - a potion of haste
 h - 2 potions of attraction {unknown}


   Skills:
 * Level 3.1 Fighting
 * Level 2.1 Long Blades
 * Level 2.1 Dodging
 + Level 6.8 Stealth
 * Level 0.2 Spellcasting


You had one spell level left.
You didn't know any spells.
Your spell library contained the following spells:

 Spells                   Type           Power      Damage    Failure   Level
 Blink                    Tloc           0%         N/A       45%         2
 Manifold Assault         Tloc           0%         N/A       97%         4
 Storm Form               Tmut/Air       0%         N/A       100%        7


Dungeon Overview and Level Annotations

Branches:
Dungeon (5/15)
 Temple: D:4-7

Altars:
Vehumet

Shops:
D:5 =


Innate Abilities, Weirdness & Mutations

You cannot wear most types of armour.
You are amphibious.
You can wear up to eight rings at the same time.
Your skin changes colour to match your surroundings (Stealth+).
Your rubbery body absorbs attacks. (AC +1, EV +1)
((You are camouflaged when in or above water. (Stealth+)))
You have tentacles for arms and can constrict up to eight enemies at once.


Message History

Found a scroll labelled QEXZO DUBBEISS.
There is an open door here.
Found a quarterstaff.
g - a scroll labelled QEXZO DUBBEISS An ogre comes into view.
It is wielding a +0 giant spiked club.
Found a scale mail.
An orc comes into view. It is wielding a +0 flail.
Found 2 black potions.
Found 2 stones.
h - 2 black potions
Found a robe.
An adder comes into view.
An adder comes into view.
Found 8 gold pieces.
Found Guare's Jewellery Boutique.
The adder hisses angrily.
The adder closely misses you.
You barely miss the adder. You grab the adder. You squeeze the adder.
The adder is heavily wounded.
You constrict the adder. The adder bites you.
You slash the adder!
You kill the adder!
You have reached level 2!
You see here an adder corpse.
Found a stone staircase leading down.
There is an entrance to Guare's Jewellery Boutique here.
Found 13 gold pieces.
You now have 26 gold pieces (gained 13).
Found an Inescapable Atlas.
Found a stone staircase leading up.
Found 16 gold pieces.
You pick up an Inescapable Atlas and begin reading...
You add the spells Blink, Manifold Assault and Storm Form to your library.
i - a scroll labelled HEFIHI WERPHISE
Found a radiant altar of Vehumet.
Found 3 scrolls labelled UTRIGHIU FARHE.
You now have 42 gold pieces (gained 16).
Really wriggle into a travel-excluded area?
You are engulfed in blazing flames.
Ouch! That really hurt!
You die...

**** *,,, ######## *,,,
#######.?§...# *,,,
#....##.§.°..# *,,,
#....##@.°...# *,,,
#........☼○..# *,,,
#........○...# *,,, ########
#............#*******,,, .......#
#.....#.#.#.#.#,*,*,*,*,
.......###....#.#.#.#.#.*,*,*,*,*
.............<+#.#.#.#.#,*,*,*,*,
......####....#,#.#.#.#.*,*,*,*,*
........#....#.#,#.#.#.*,*,*,*,*,


There were no monsters in sight!

Vanquished Creatures
  An adder (D:5)
1 creature vanquished.

Notes
Turn   | Place    | Note
-------+----------+-------------------------------------------
     0 | D:5      | Esekla the Octopode Delver began the quest for the Orb.
     0 | D:5      | Reached XP level 1. HP: 16/16 MP: 1/1
    26 | D:5      | Noticed an orc priest
    50 | D:5      | Noticed an ogre
    81 | D:5      | Found Guare's Jewellery Boutique.
    85 | D:5      | Reached XP level 2. HP: 18/21 MP: 2/2
   118 | D:5      | Found a radiant altar of Vehumet.
   126 | D:5      | Engulfed by a cloud of flame

Illustrated notes

Levels and vault maps discovered:
D:5:      layout_basic, fiery_altar_vehumet, serial_shops, shop

Action                     || total
---------------------------++-------
  Melee: Falchion          ||     2
         Constrict         ||     1
         Tentacles         ||     1
    Use: Scroll            ||     1
  Dodge: Dodged            ||     1

Table legend: (Time is in decaauts)
 A = Elapsed time spent in this place.
 B = Non-inter-level travel time spent in this place.
 C = Inter-level travel time spent in this place.
 D = Time resting spent in this place.
 E = Time spent auto-exploring this place.
 F = Levels seen in this place.
 G = Mean time per level.
                   A        B        C        D        E       F      G
               +--------+--------+--------+--------+--------+-----+--------+
         Total |    126 |    126 |      0 |      0 |      0 |   1 |  126.0 |
       Dungeon |    126 |    126 |      0 |      0 |      0 |   1 |  126.0 |
               +--------+--------+--------+--------+--------+-----+--------+

Top non-repeatable levels by time:
     D:5: 126 daAuts
